 Dungeon Crawl Stone Soup version 0.29.1-15-g9cfb28693d (webtiles) character file.

Game seed: 10748633947293902446

38795 MacCMillion the Severer (level 14, -5/129 HPs)
             Began as a Hill Orc Fighter on Feb 28, 2023.
             Was a High Priest of Beogh.
             Slain by a catoblepas (13 damage)
             ... on level 5 of the Lair of Beasts.
             The game lasted 00:38:16 (16505 turns).

MacCMillion the Severer (Hill Orc Fighter)         Turns: 16505, Time: 00:38:17

Health: -5/129     AC: 16    Str: 25    XL:     14   Next: 3%
Magic:  22/22      EV: 12    Int: 14    God:    Beogh [*****.]
Gold:   918        SH:  4    Dex:  9    Spells: 13/13 levels left

rFire   + + +      SeeInvis .   o - +1 broad axe (flame)
rCold   . . .      Faith    .   c - +0 buckler
rNeg    . . .      Spirit   .   B - +0 plate armour
rPois   +          Reflect  .   (no helmet)
rElec   .          Harm     .   (no cloak)
rCorr   .          Rampage  .   b - +0 pair of gloves
Will    +....                   (no boots)
Stlth   ..........              A - amulet "Urhiadwu" {rPois rF+++ Regen+ Str-4 Int+2}
HPRegen 1.11/turn               s - +4 ring of evasion
MPRegen 0.18/turn               M - +6 ring of strength

@: about to teleport
A: walk on water, clever 1
a: Renounce Religion, Smiting, Recall Orcish Followers, Give Item to Named
Follower


You were on level 5 of the Lair of Beasts.
You worshipped Beogh.
Beogh was extremely pleased with you.
You visited 2 branches of the dungeon, and saw 14 of its levels.
You also visited: Bailey.

You collected 918 gold pieces.

Inventory:

Hand Weapons
 o - a +1 broad axe of flaming (weapon)
 E - a +3 battleaxe
Missiles
 j - 25 poisoned darts (quivered)
 L - a curare-tipped dart
 R - 2 atropa-tipped darts
Armour
 b - a +0 pair of gloves (worn)
 c - a +0 buckler (worn)
 B - a +0 plate armour (worn)
Jewellery
 a - a ring of poison resistance
 d - a ring of willpower
 s - a +4 ring of evasion (left hand)
 A - the amulet "Urhiadwu" (around neck) {rPois rF+++ Regen+ Str-4 Int+2}
   (You found it on level 3 of the Lair of Beasts)

   [amulet of regeneration]

   Str:       It affects your strength (-4).
   Int:       It affects your intelligence (+2).
   rF:        It renders you almost immune to fire.
   rPois:     It protects you from poison.
   Regen:     It increases your rate of health regeneration.
 C - a ring of resist corrosion
 D - an amulet of regeneration
 F - a ring of magical power
 M - a +6 ring of strength (right hand)
Wands
 w - a wand of mindburst (4)
 H - a wand of light (11)
 P - a wand of flame (11)
 T - a wand of roots (8)
 Z - a wand of polymorph (6)
Scrolls
 f - 7 scrolls of teleportation
 g - a scroll of brand weapon
 m - 5 scrolls of fog
 n - 3 scrolls of summoning
 q - 3 scrolls of blinking
 r - 2 scrolls of magic mapping
 x - a scroll of vulnerability
 y - 3 scrolls of fear
 G - 2 scrolls of noise
 I - 3 scrolls of poison
 J - 3 scrolls of immolation
 N - a scroll of silence
 Q - 2 scrolls of enchant weapon
 S - a scroll of enchant armour
 U - 3 scrolls of amnesia
Potions
 e - 5 potions of heal wounds
 h - 2 potions of haste
 i - 3 potions of brilliance
 k - 2 potions of mutation
 l - 7 potions of curing
 p - 3 potions of magic
 t - 4 potions of cancellation
 u - 4 potions of lignification
 v - 4 potions of attraction
 z - a potion of resistance
 K - 2 potions of flight
 O - a potion of invisibility
 Y - a potion of ambrosia
Miscellaneous
 V - a lightning rod (4/4)
 W - a condenser vane
 X - a phial of floods


   Skills:
 + Level 13.5 Fighting
 - Level 18.0 Axes
 + Level 11.2 Armour
 + Level 6.1 Dodging
 - Level 3.0 Stealth
 - Level 4.0 Shields
 + Level 10.8 Invocations
 - Level 5.0 Evocations


You had 13 spell levels left.
You didn't know any spells.
Your spell library contained the following spells:

 Spells                   Type           Power      Damage    Failure   Level
 Apportation              Tloc           0%         N/A       98%         1
 Foxfire                  Conj/Fire      0%         2x1d4     98%         1
 Necrotise                Necr           0%         1d4       98%         1
 Sandblast                Erth           0%         2d4       98%         1
 Summon Small Mammal      Summ           0%         N/A       98%         1
 Passwall                 Tmut/Erth      0%         N/A       99%         2
 Sublimation of Blood     Necr           0%         N/A       99%         2
 Wereblood                Tmut           0%         N/A       99%         2
 Conjure Flame            Conj/Fire      0%         6-21      100%        3
 Inner Flame              Hex/Fire       0%         N/A       100%        3
 Stone Arrow              Conj/Erth      0%         3d7       100%        3
 Flame Wave               Conj/Fire      0%         2d4       100%        4
 Summon Hydra             Summ           0%         N/A       100%        7


Dungeon Overview and Level Annotations

Branches:
Dungeon (9/15)             Temple (0/1) D:5            Lair (5/5) D:9
  Swamp (0/4) Lair:3       Spider (0/4) Lair:3        Slime (0/5) Lair:4
 Bailey (visited)
    Orc: D:9-12

Altars:
Cheibriados
Elyvilon
Makhleb
Qazlal
Xom
Jiyva

Shops:
D:7 :   D:8 (

Portals:
Abyss: D:4

Annotations:
D:9 Erica
Lair:3 1 runed translucent door, Huoklyut's ghost, journeyman DECj


Innate Abilities, Weirdness & Mutations

You can walk on water.
Your mind is acute. (Int +4, Str/Dex -1)


Message History

The torpor snail is heavily wounded.
The torpor snail completely misses you.
You hit the torpor snail but do no damage.
The torpor snail is heavily wounded.
Ortolf hits the torpor snail but does no damage.
You slice the torpor snail!! You burn the torpor snail!
You kill the torpor snail!
Beogh accepts your kill.
You feel yourself speed up.
Your chaos spawn is no longer moving slowly.
Your sun demon is no longer moving slowly.
Ortolf is no longer moving slowly.
You start resting.
Unknown command.
You start resting.
Your sun demon disappears in a puff of smoke!
A catoblepas comes into view.
A catoblepas is nearby!
Things that are here:
a death yak corpse; a manticore corpse Your chaos spawn degenerates into a cloud of primal chaos! 2 dream sheep come into view.
The dream sheep bleats!
The dream sheep moves out of view.
Things that are here:
a death yak corpse; a manticore corpse The dream sheep shake their wool and sparkle.
You feel drowsy...
You fall asleep.
The dream sheep bites you!!
You wake up.
* * * LOW HITPOINT WARNING * * *
You see here a torpor snail corpse.
You are too injured to fight recklessly!
Things that are here:
a death yak corpse; a manticore corpse
As you read the scroll of teleportation, it crumbles to dust.
You feel strangely unstable. The catoblepas gores you!!
* * * LOW HITPOINT WARNING * * *
The catoblepas attacks as you move away!
The catoblepas gores you!
You die...

.................................
..<........###..###.###..###.....
.......##### ############# ######
....####### #####.P.###
....##....# #........P#.
..#.......# ##..........#
†..#......###....#####....
##........##.....#........
##..#.....##P..#@#...#.#..
###...########..†YY).....
##..#...#...#...###}###..
##...†..#...#.....###
###.....#..........#
.#.#....#.###.....##
.####....3o.....###
..#####.........#
....#####.P.#####


You could see a catoblepas and a dream sheep.

Vanquished Creatures
  Kirke (Lair:5)
  Snorg (Lair:4)
  5 hydras
  2 vault guards (Bailey)
  7 death yaks
  A manticore (Lair:5)
  7 elephants
  2 black mambas
  2 torpor snails
  4 cane toads
  A rime drake (Lair:4)
  A kobold demonologist (D:6)
  4 komodo dragons
  A troll (D:9)
  A tyrant leech (Lair:3)
  A polar bear (Lair:2)
  Prince Ribbit (Bailey)
  9 blink frogs
  4 dream sheep (Lair:3)
  2 slime creatures (Lair:4)
  A jumping spider (Lair:3)
  4 wyverns
  2 wraiths
  A hog (Lair:5)
  A basilisk (Lair:3)
  44 yaks
  A redback (Lair:3)
  3 humans (Bailey)
  Menkaure (D:5)
  An acid dragon (D:9)
  A swamp worm (Lair:3)
  Duvessa (D:7)
  12 water moccasins
  3 ice beasts
  2 black bears
  4 orc warriors
  3 ogres (D:5)
  13 wolves
  4 centaurs
  A phantom (D:6)
  16 bullfrogs
  4 kobold brigands
  A necrophage (D:4)
  2 gnoll sergeants
  2 scorpions (D:5)
  13 wights
  Dowan (D:7)
  5 howler monkeys
  3 jellies
  2 orc priests
  4 hounds
  An iguana (D:5)
  2 orc wizards
  5 hell rats (Lair:4)
  A mummy (D:7)
  7 gnolls
  A river rat (D:8)
  3 adders (D:5)
  2 white imps (D:6)
  An ufetubus (D:5)
  3 worms
  2 dart slugs (D:3)
  18 orcs
  5 endoplasms
  2 giant cockroaches (D:2)
  7 goblins
  6 hobgoblins
  9 jackals
  7 quokkas
  4 ball pythons
  10 bats
  4 frilled lizards
  A hobgoblin zombie (D:7)
  18 kobolds
  2 kobold zombies (D:7)
  An orc zombie (D:7)
  7 rats
342 creatures vanquished.

Vanquished Creatures (collateral kills)
  A catoblepas (Lair:5)
  A black mamba (Lair:5)
  4 elephants (Lair:5)
  3 cane toads
  A rime drake (Lair:5)
  A polar bear (Lair:5)
  2 blink frogs (Lair:5)
  A dream sheep (Lair:3)
  6 yaks
  3 basilisks
  A hog (Lair:5)
  A water moccasin (Lair:5)
  2 wolves (Lair:5)
  A hell rat (Lair:4)
28 creatures vanquished.

Vanquished Creatures (others)
  An orc sorcerer (Lair:5)
  2 orc warriors
  A human (Lair:5)
  A wolf (Lair:5)
  2 orcs
  An orc priest (D:5)
  3 orc wizards
  26 fungi
  27 plants
64 creatures vanquished.

Grand Total: 434 creatures vanquished

Notes
Turn   | Place    | Note
-------+----------+-------------------------------------------
     0 | D:1      | MacCMillion the Hill Orc Fighter began the quest for the
                  | Orb.
     0 | D:1      | Reached XP level 1. HP: 19/19 MP: 1/1
   120 | D:1      | Reached skill level 3 in Axes
   147 | D:1      | Reached XP level 2. HP: 26/26 MP: 2/2
   671 | D:1      | Reached XP level 3. HP: 31/31 MP: 3/3
  1060 | D:2      | Reached skill level 4 in Axes
  1809 | D:2      | Reached XP level 4. HP: 40/40 MP: 4/4
  2302 | D:3      | Found a faded altar of an unknown god.
  2512 | D:3      | Reached skill level 5 in Axes
  3181 | D:4      | Noticed a necrophage
  3424 | D:4      | Reached XP level 5. HP: 47/47 MP: 5/5
  3446 | D:4      | Reached skill level 6 in Axes
  3695 | D:4      | Found a one-way gate to the infinite horrors of the Abyss.
  3720 | D:4      | Noticed an ogre
  3824 | D:4      | You fall into a shaft and drop 2 floors!
  3829 | D:6      | Noticed a kobold brigand
  3832 | D:6      | Noticed a black bear
  3834 | D:6      | Gained mutation: Your mind is acute. (Int +4, Str/Dex -1)
                  | [potion of mutation]
  3840 | D:5      | Entered Level 5 of the Dungeon
  3845 | D:5      | Killed a black bear
  3846 | D:5      | Reached skill level 5 in Fighting
  3846 | D:5      | Reached skill level 7 in Axes
  3846 | D:5      | Reached XP level 6. HP: 12/56 MP: 6/6
  4488 | D:5      | Reached XP level 7. HP: 60/62 MP: 7/7
  4544 | D:5      | Reached skill level 8 in Axes
  4773 | D:5      | Became a worshipper of Beogh the Brigand
  4952 | D:5      | Found a white marble altar of Elyvilon.
  4983 | D:5      | Reached skill level 9 in Axes
  5234 | D:5      | Reached XP level 8. HP: 70/71 MP: 8/8
  5370 | D:5      | Reached skill level 10 in Axes
  5375 | D:5      | Found a stormy altar of Qazlal.
  5433 | D:5      | Noticed Menkaure
  5477 | D:5      | Killed Menkaure
  5632 | D:5      | Found a staircase to the Ecumenical Temple.
  6008 | D:6      | Noticed a kobold demonologist
  6021 | D:6      | Killed a kobold demonologist
  6022 | D:6      | Reached skill level 11 in Axes
  6109 | D:6      | Reached XP level 9. HP: 76/81 MP: 9/9
  6140 | D:6      | Reached skill level 5 in Armour
  6259 | D:6      | Reached * piety under Beogh
  6313 | D:6      | Reached skill level 12 in Axes
  6891 | D:7      | Reached skill level 13 in Axes
  6901 | D:7      | Reached skill level 1 in Stealth
  6934 | D:7      | Found a flagged portal.
  6943 | Bailey   | Entered a bailey
  6952 | Bailey   | Reached XP level 10. HP: 91/91 MP: 10/10
  6985 | Bailey   | Reached ** piety under Beogh
  7050 | Bailey   | Noticed a vault guard
  7068 | Bailey   | Killed a vault guard
  7069 | Bailey   | Reached skill level 14 in Axes
  7211 | Bailey   | Noticed Prince Ribbit
  7211 | Bailey   | Noticed a vault guard
  7232 | Bailey   | Killed Prince Ribbit
  7314 | Bailey   | Killed a vault guard
  7315 | Bailey   | Reached skill level 10 in Fighting
  7398 | D:7      | Found Nufacsots's Book Shop.
  7456 | D:7      | Noticed Duvessa
  7456 | D:7      | Noticed Dowan
  7467 | D:7      | Killed Duvessa
  7474 | D:7      | Killed Dowan
  7782 | D:7      | Reached skill level 15 in Axes
  8128 | D:8      | Found Feeg's Antique Weapon Shop.
  8172 | D:8      | Reached XP level 11. HP: 100/101 MP: 11/11
  8214 | D:8      | Reached skill level 1 in Invocations
  8404 | D:8      | Found a faded altar of an unknown god.
  8404 | D:8      | Found a faded altar of an unknown god.
  8420 | D:8      | Reached *** piety under Beogh
  8454 | D:8      | Found a stormy altar of Qazlal.
  8528 | D:8      | Found a burning altar of Makhleb.
  8530 | D:8      | Found a snail-covered altar of Cheibriados.
  8885 | D:9      | Noticed a death yak
  8886 | D:9      | Reached skill level 16 in Axes
  8887 | D:9      | Noticed a death yak
  8888 | D:9      | Noticed a death yak
  9116 | D:9      | Found a staircase to the Lair.
  9193 | D:9      | Noticed Erica
  9316 | D:9      | Killed a death yak
  9396 | D:8      | Killed a death yak
  9397 | D:8      | Reached skill level 17 in Axes
  9397 | D:8      | Reached skill level 5 in Invocations
  9452 | D:8      | Killed a death yak
  9969 | Lair:1   | Entered Level 1 of the Lair of Beasts
 10032 | Lair:1   | Found a shimmering altar of Xom.
 10275 | Lair:1   | Noticed a death yak
 10275 | Lair:1   | Noticed a death yak
 10316 | Lair:1   | Killed a death yak
 10317 | Lair:1   | Reached skill level 18 in Axes
 10317 | Lair:1   | Reached skill level 1 in Dodging
 10341 | Lair:1   | Killed a death yak
 10342 | Lair:1   | Reached XP level 12. HP: 100/108 MP: 16/16
 10897 | Lair:1   | Found a shimmering altar of Xom.
 11489 | Lair:2   | Reached skill level 1 in Evocations
 11805 | Lair:2   | Reached skill level 5 in Evocations
 12187 | Lair:3   | Noticed a seven-headed hydra
 12207 | Lair:3   | Killed a six-headed hydra
 12220 | Lair:2   | Reached **** piety under Beogh
 12272 | Lair:3   | Found a runed translucent door.
 12273 | Lair:3   | Noticed a four-headed hydra
 12273 | Lair:3   | Noticed Huoklyut's ghost (journeyman DECj)
 12327 | Lair:3   | Noticed a six-headed hydra
 12343 | Lair:3   | Killed a one-headed hydra
 12485 | Lair:3   | Gained Wardok as an ally
 12663 | Lair:3   | Found a hole to the Spider Nest.
 13115 | Lair:3   | Identified the amulet "Urhiadwu" {rPois rF+++ Regen+ Str-4
                  | Int+2}
 13196 | Lair:3   | Your ally Wardok died
 13794 | Lair:3   | Reached XP level 13. HP: 118/118 MP: 19/19
 13923 | Lair:3   | Found a staircase to the Swamp.
 14245 | Lair:4   | Found a staircase to the Slime Pits.
 14258 | Lair:4   | Reached ***** piety under Beogh
 14276 | Lair:4   | Found a viscous altar of Jiyva.
 14583 | Lair:4   | Reached skill level 10 in Armour
 14696 | Lair:4   | Noticed Snorg
 14710 | Lair:4   | Killed Snorg
 15390 | Lair:5   | Entered Level 5 of the Lair of Beasts
 15390 | Lair:5   | Noticed Kirke
 15400 | Lair:5   | Killed Kirke
 15483 | Lair:5   | Reached skill level 5 in Dodging
 15869 | Lair:5   | Identified the +4 hand axe of Xuceev {vorpal, Drain rPois
                  | rN++ rCorr}
 15883 | Lair:5   | Reached skill level 10 in Invocations
 16187 | Lair:5   | Identified the +0 robe of the Grue {Str+7 Int-2 Dex+3}
 16443 | Lair:5   | Gained Ortolf as an ally
 16480 | Lair:5   | Reached XP level 14. HP: 45/129 MP: 20/22
 16498 | Lair:5   | Your ally Ortolf died
 16505 | Lair:5   | Slain by a catoblepas

Illustrated notes

Levels and vault maps discovered:
D:1:      onia_arrival_mini_spirals, layout_rooms, grunt_decor_mini_mirrors,
          chequers_serial_rivers_micro_e, minmay_misc_feat_roman
D:2:      minmay_skewed_foursquare, layout_basic
D:3:      layout_loops_cross, shapermc_ecumenical_altar_ellora,
          kennysheep_flooded_box, minmay_parallelograms, minmay_vboxes
D:4:      due_chaos_kobolds, layout_layer_cave, lemuel_zombie_altar_yredelemnul
D:5:      layout_basic, minmay_temple_entry_gardened_gates,
          hangedman_feature_mirror, minmay_crystal_room, uniq_menkaure
D:6:      layout_basic, cheibrodos_sewer_entry_bend
D:7:      dreamdust_elfheim, layout_loops_cross, enter_bailey_2, serial_shops,
          nicolae_shop_trees, minmay_mini_ossuary, uniq_duvessa
D:8:      layout_loops_ring, chequers_temple_overflow_minitemple, serial_shops,
          nicolae_shop_overgrown_old_shop
D:9:      layout_cave_pools, dpeg_lair_monsters, minmay_joined_circles,
          uniq_erica
Lair:1:   layout_gridlike, lemuel_altar_in_water2
Lair:2:   layout_chaotic_city, grunt_megastairs_3
Lair:3:   layout_layer_cave, palyth_hydra_swamp_entry, spider_nest_entry_a,
          ebering_ghost_inner_flame, beast_lair_carwin_10, serial_bayou_shore_b
Lair:4:   layout_small_grid, minmay_slime_entry_pillars, uniq_snorg
Lair:5:   hangedman_lair_in_review, layout_regular_city, serial_bayou_shore_b,
          uniq_kirke

Skill      XL: |  1  2  3  4  5  6  7  8  9 10 11 12 13 |
---------------+----------------------------------------+-----
Axes           | 3 4 5 7 9 11 13 15 18 | 18.0
Shields        | 4 |  4.0
Fighting       | 4 5 6 7 9 10 12 13 | 13.5
Armour         | 4 6 8 9 11 | 11.2
Stealth        | 1 3 |  3.0
Invocations    | 5 8 10 | 10.8
Dodging        | 1 3 6 |  6.1
Evocations     | 5 |  5.0

Action                   |  1- 3 |  4- 6 |  7- 9 | 10-12 | 13-15 || total
-------------------------+-------+-------+-------+-------+-------++-------
Melee: War axe           |   116 |   116 |   222 |    72 |       ||   526
       Broad axe         |       |       |       |   412 |   219 ||   631
Throw: Dart              |       |     4 |    11 |     1 |       ||    16
Invok: Convert to Beogh  |       |       |     1 |       |       ||     1
Evoke: Lightning rod     |       |       |       |     3 |       ||     3
  Use: Potion            |       |     4 |       |     2 |       ||     6
       Scroll            |       |     4 |     7 |     9 |     9 ||    29
 Stab: Distracted        |       |       |       |     2 |     1 ||     3
       Paralysed         |       |       |       |       |     2 ||     2
Armor: Scale mail        |    70 |    22 |       |       |       ||    92
       Chain mail        |       |    32 |    76 |    11 |       ||   119
       Plate armour      |       |       |       |   160 |    82 ||   242
Dodge: Dodged            |    46 |    60 |    69 |   193 |   129 ||   497
Block: Buckler           |    30 |    25 |    48 |    58 |    38 ||   199
